 Dungeon Crawl Stone Soup version 0.31.0-10-gcf4a605ca0 (webtiles) character file.

Game seed: 18365448327577001945

1600 hawla the Slicer (level 8, -1/61 HPs)
             Began as a Deep Elf Fire Elementalist on Jan 25, 2024.
             Slain by a two-headed ogre
             ... wielding a +0 giant club
              (22 damage)
             ... on level 7 of the Dungeon.
             The game lasted 00:11:05 (6220 turns).

hawla the Slicer (Deep Elf Fire Elementalist)       Turns: 6220, Time: 00:11:06

Health: -1/61      AC: 24    Str:  5    XL:     8   Next: 62%
Magic:  9/14       EV:  2    Int: 26    God:
Gold:   167        SH:  0    Dex: 15    Spells: 6/13 levels left

rFire   . . .        t - +5 short sword "Dydiss" {vamp, rCorr Int+3}
rCold   . . .        (no shield)
rNeg    . . .        q - melded +0 steam dragon scales
rPois   +            w - melded +0 helmet
rElec   .            (cloak currently unavailable)
rCorr   +            e - melded +0 pair of gloves
SInv    .            m - melded +0 pair of boots
Will    .....        (no amulet)
Stlth   ++           i - ring of flight
HPRegen 0.30/turn    o - ring of wizardry
MPRegen 0.14/turn

%: wizardry (x1)
@: tree-form
A: stationary, stasis, torment immunity, boosted hp
a: no special abilities


You were on level 7 of the Dungeon.
You were a tree.
You visited 1 branch of the dungeon, and saw 7 of its levels.

You collected 415 gold pieces.
You spent 248 gold pieces at shops.

Inventory:

Hand Weapons
 t - the +5 short sword "Dydiss" (weapon) {vamp, rCorr Int+3}
   (You bought it in a shop on level 4 of the Dungeon)

   Int+3:     It affects your intelligence (+3).
   rCorr:     It protects you from acid and corrosion.
Armour
 e - a +0 pair of gloves (melded)
 m - a +0 pair of boots (melded)
 q - +0 steam dragon scales (melded)
 w - a +0 helmet (melded)
Jewellery
 i - a ring of flight (left branch)
 o - a ring of wizardry (right branch)
Wands
 b - a wand of iceblast (5)
 p - a wand of charming (7)
 r - a wand of digging (8)
Scrolls
 f - 2 scrolls of immolation
 l - 2 scrolls of enchant weapon
Potions
 d - a potion of curing
 g - a potion of haste
 h - a potion of cancellation
 j - a potion of berserk rage
 k - a potion of heal wounds {unknown}
 u - a potion of attraction {unknown}


   Skills:
 + Level 8.1 Short Blades
 - Level 3.0 Dodging
 - Level 2.4 Stealth
 - Level 3.0 Spellcasting
 - Level 6.0 Conjurations
 - Level 6.0 Fire Magic


You had 6 spell levels left.
You knew the following spells:

 Your Spells              Type           Power      Damage    Failure   Level
a - Foxfire               Conj/Fire      100%       2x1d9     1%          1
b - Scorch                Fire           70%        2d7       1%          2
c - Flame Wave            Conj/Fire      35%        2d10      3%          4

Your spell library contained the following spells:

 Spells                   Type           Power      Damage    Failure   Level
 Inner Flame              Hex/Fire       19%        N/A       3%          3
 Volatile Blastmotes      Fire/Tloc      38%        2d13      3%          3


Dungeon Overview and Level Annotations

Branches:
Dungeon (7/15)
 Temple: D:4-7

Altars:
Nemelex Xobeh

Shops:
D:4 (

Annotations:
D:6 3 runed translucent doors, middlethird's ghost, novice VSCj


Message History

Ouch! That really hurt!
* * * LOW HITPOINT WARNING * * *
As you read the scroll labelled IXOWAH KELULL, it crumbles to dust.
You hear a loud clanging noise!
It was a scroll of noise.
You hear a shout! x4
Blink to where?
Press: ? - help, Dir - move target An orc comes into view.
It is wielding a +0 club.
Found a book of Flames.
As you read the scroll labelled YNU NUHELECIM, it crumbles to dust.
It was a scroll of blinking.
The orc shouts!
You turn into a tree.
Your +0 helmet melds into your body.
Your +0 pair of gloves melds into your body.
Your +0 pair of boots melds into your body.
Your +0 steam dragon scales melds into your body.
Your roots penetrate the ground.
An orc wizard comes into view. It is wielding a +0 dagger.
You feel better.
An orc comes into view.
It is wielding a +0 mace and wearing a +3 scale mail of willpower.
Casting: Foxfire (safe; 1% risk of failure)
Confirm with . or Enter, or press ? or * to list all spells.
You conjure some foxfire!
An orc comes into view. It is wielding a +0 hand axe.
Casting: Foxfire (safe; 1% risk of failure)
Confirm with . or Enter, or press ? or * to list all spells.
Flames lash the orc.
You kill the orc!
The foxfire hits the two-headed ogre.
The two-headed ogre is heavily wounded.
The foxfire hits the two-headed ogre.
The two-headed ogre is heavily wounded.
Casting: Scorch (safe; 1% risk of failure)
Confirm with . or Enter, or press ? or * to list all spells.
Flames lash the two-headed ogre.
The two-headed ogre is severely wounded.
The two-headed ogre's fire resistance burns away.
The two-headed ogre hits you with a +0 giant club!!
You die...

###
#<##
#...#
#.8.#
#...#
##.##
##.##
#O..#
+♣8§+
#.§.#
##)##
.. ...
...o
..#:.
#....#


You could see a two-headed ogre (combustible) and an orc.

Vanquished Creatures
  A steam dragon (D:6)
  Edmund (D:4)
  A water moccasin (D:6)
  A black bear (D:5)
  A sky beast (D:6)
  2 ogres
  2 phantoms
  A bombardier beetle (D:4)
  A crimson imp (D:4)
  2 jellies
  6 hounds (D:6)
  An orc priest (D:6)
  Ijyb (D:4)
  An iguana (D:5)
  7 orc wizards
  Robin (D:4)
  2 gnolls
  5 adders
  2 white imps
  4 dart slugs
  10 orcs
  7 ball pythons
  7 endoplasms
  A giant cockroach (D:4)
  5 goblins
  12 hobgoblins
  4 quokkas
  5 bats
  6 frilled lizards
  8 kobolds
  4 rats
112 creatures vanquished.

Vanquished Creatures (others)
  281 foxfires
281 creatures vanquished.

Grand Total: 393 creatures vanquished

Notes
Turn   | Place    | Note
-------+----------+-------------------------------------------
     0 | D:1      | hawla the Deep Elf Fire Elementalist began the quest for
                  | the Orb.
     0 | D:1      | Reached XP level 1. HP: 10/10 MP: 6/6
   174 | D:1      | Reached XP level 2. HP: 15/15 MP: 5/8
   435 | D:1      | Reached XP level 3. HP: 14/19 MP: 3/9
  1516 | D:2      | Learned a level 2 spell: Scorch
  1538 | D:2      | Reached XP level 4. HP: 24/24 MP: 7/10
  2034 | D:3      | Reached XP level 5. HP: 28/28 MP: 1/11
  2039 | D:3      | Learned a level 4 spell: Flame Wave
  2740 | D:3      | Found a faded altar of an unknown god.
  2944 | D:4      | Noticed Robin
  2950 | D:4      | Killed Robin
  3095 | D:4      | Noticed an ogre
  3098 | D:4      | Killed an ogre
  3099 | D:4      | Reached skill level 5 in Conjurations
  3099 | D:4      | Reached skill level 5 in Fire Magic
  3099 | D:4      | Reached XP level 6. HP: 32/32 MP: 7/12
  3581 | D:4      | Found Ovihe's Antique Weapon Shoppe.
  3584 | D:4      | Noticed Edmund
  3597 | D:4      | Killed Edmund
  3610 | D:4      | Noticed Ijyb
  3615 | D:4      | Killed Ijyb
  3699 | D:4      | Bought a smoking short sword for 248 gold pieces
  3699 | D:4      | Identified the +5 short sword "Dydiss" {vamp, rCorr Int+3}
                  | (You bought it in a shop on level 4 of the Dungeon)
  4014 | D:4      | Reached skill level 1 in Short Blades
  4014 | D:4      | Reached XP level 7. HP: 36/36 MP: 10/13
  4160 | D:5      | Entered Level 5 of the Dungeon
  4265 | D:5      | Reached skill level 2 in Short Blades
  4346 | D:5      | Reached skill level 3 in Short Blades
  4610 | D:5      | Reached skill level 4 in Short Blades
  5032 | D:6      | Reached skill level 5 in Short Blades
  5125 | D:6      | Reached XP level 8. HP: 24/41 MP: 7/14
  5290 | D:6      | Reached skill level 6 in Short Blades
  5521 | D:6      | Found a runed translucent gate.
  5521 | D:6      | Found a runed translucent gate.
  5521 | D:6      | Found a runed translucent gate.
  5522 | D:6      | Noticed a kobold demonologist
  5524 | D:6      | Noticed middlethird's ghost (novice VSCj)
  5644 | D:6      | Reached skill level 7 in Short Blades
  5926 | D:6      | Found a sparkling altar of Nemelex Xobeh.
  6037 | D:6      | Reached skill level 8 in Short Blades
  6211 | D:7      | Noticed a two-headed ogre
  6220 | D:7      | Slain by a two-headed ogre

Illustrated notes

Levels and vault maps discovered:
D:1:      minmay_arrival_four_loops, layout_loops_ring,
          minmay_misc_feat_enclosed
D:2:      layout_rooms, patterned_corridor
D:3:      minmay_door_path, layout_basic, shapermc_ecumenical_altar_petra
D:4:      layout_loops_ring, serial_shops, nicolae_shop_dealshenge,
          minmay_fire_ice_demons, uniq_robin, uniq_ijyb, uniq_edmund
D:5:      layout_basic
D:6:      layout_gridville, kennysheep_mini_moat, gammafunk_ghost_nasty_kobolds
D:7:      layout_basic, minmay_temple_entry_offerings, grunt_ministairs_5

Skill      XL: |  1  2  3  4  5  6  7  8 |
---------------+-------------------------+-----
Conjurations   | 2 3 4 5 6 |  6.0
Dodging        | 3 |  3.0
Fire Magic     | 4 5 6 |  6.0
Short Blades   | 1 5 8 |  8.1
Stealth        | |  2.4
Spellcasting   | |  3.0

Action                     |  1- 3 |  4- 6 |  7- 9 || total
---------------------------+-------+-------+-------++-------
  Melee: Unarmed           |    13 |     7 |       ||    20
         Short sword       |       |     5 |    37 ||    42
         Punch             |       |       |     1 ||     1
   Cast: Foxfire           |    63 |    60 |    45 ||   168
         Scorch            |       |    28 |    26 ||    54
         Flame Wave        |       |     1 |     1 ||     2
  Evoke: Wand              |       |     1 |       ||     1
    Use: Scroll            |     1 |     1 |    11 ||    13
         Potion            |       |     1 |     5 ||     6
   Stab: Sleeping          |       |     1 |     3 ||     4
 Armour: Robe              |    10 |    11 |    33 ||    54
         Steam dragon scal |       |       |    10 ||    10
         Skin              |       |       |     1 ||     1
  Dodge: Dodged            |     8 |    11 |    50 ||    69
